 Dungeon Crawl Stone Soup version 0.23-a0-358-g98c7a59ffc (webtiles) character file.

8483 LostNumber the Archer (level 11, -7/91 (92) HPs)
             Began as a Barachi Hunter on Oct 23, 2018.
             Was an Elder of Okawaru.
             Mangled by Snorg (13 damage)
             ... on level 10 of the Dungeon.
             The game lasted 00:19:45 (8588 turns).

LostNumber the Archer (Barachi Hunter)              Turns: 8588, Time: 00:19:46

HP:   -7/91 (92)    AC: 10    Str: 11    XL:     11   Next: 31%
MP:   16/16         EV: 15    Int: 17    God:    Okawaru [****..]
Gold: 696           SH:  0    Dex: 13    Spells: 10/10 levels left

rFire    + . .     SeeInvis .   a - +8 trident of the Silent Majority {pierce, rElec rN+ Str-5 Int+5}
rCold    . . .     Gourm    .   (no shield)
rNeg     + . .     Faith    .   l - +2 leather armour {rF+}
rPois    .         Spirit   .   w - +0 helmet
rElec    +         Reflect  .   D - +2 cloak
rCorr    .         Harm     .   (no gloves)
MR       .....                  (no boots)
Stlth    ++++......             g - amulet of rage
HPRegen  0.25/turn              r - +5 ring of slaying
MPRegen  0.15/turn              (no ring)

@: heroism, can't hop, slow
A: +LOS, swims, slowness 1, strong legs 1
a: Hop, Heroism, Renounce Religion, Evoke Berserk Rage


You were on level 10 of the Dungeon.
You worshipped Okawaru.
Okawaru was greatly pleased with you.
You were hungry.

You visited 2 branches of the dungeon, and saw 11 of its levels.

You collected 696 gold pieces.

Inventory:

Hand Weapons
 a - the +8 trident of the Silent Majority (weapon) {pierce, rElec rN+ Str-5 Int+5}
   (You found it on level 5 of the Dungeon)

   It inflicts extra damage upon your enemies.
   It affects your strength (-5).
   It affects your intelligence (+5).
   It insulates you from electricity.
   It protects you from negative energy.
 b - a +1 shortbow
 m - a +0 short sword
 A - a +3 short sword
Missiles
 d - 200 arrows
Armour
 c - a +0 leather armour
 l - a +2 leather armour of fire resistance (worn)
 p - a +0 ring mail
 w - a +0 helmet (worn)
 x - a scarf of repulsion
 D - a +2 cloak (worn)
 K - a +0 plate armour
Jewellery
 g - an amulet of rage (around neck)
 r - a +5 ring of slaying (left hand)
Wands
 z - a wand of flame (45)
 C - a wand of acid (8)
 M - a wand of iceblast (6)
Scrolls
 e - 5 scrolls of remove curse
 i - 2 scrolls of enchant weapon {unknown}
 k - 4 scrolls of immolation {unknown}
 q - 7 scrolls of teleportation
 t - 2 scrolls of fog {unknown}
 y - a scroll of enchant armour {unknown}
 E - a scroll of vulnerability {unknown}
 F - a scroll of amnesia {unknown}
 I - 2 scrolls of magic mapping {unknown}
 J - a scroll of acquirement {unknown}
 O - a scroll of identify
Potions
 h - a potion of mutation
 j - 4 potions of flight
 n - a potion of ambrosia
 o - 3 potions of curing
 s - 2 potions of degeneration
 u - 4 potions of lignification
 v - 2 potions of resistance
 B - 4 potions of heal wounds
 H - a potion of haste
 L - a potion of cancellation {unknown}
 N - 2 potions of brilliance {unknown}
Comestibles
 f - 21 rations


   Skills:
 + Level 10.5(15.5) Fighting
 * Level 12.6(17.6) Bows
 - Level 2.1(7.1) Dodging
 - Level 4.2(9.2) Stealth
 + Level 6.7 Invocations


You had 10 spell levels left.
You didn't know any spells.
Your spell library was empty.

Dungeon Overview and Level Annotations

Branches:
Dungeon (10/15)            Temple (1/1) D:5            Lair (0/6) D:8
    Orc (0/2) D:9

Altars:
Ashenzari
Cheibriados
Dithmenos
Elyvilon
Fedhas
Makhleb
Nemelex Xobeh
Okawaru
Qazlal
Ru
Trog
Uskayaw
Vehumet
Wu Jian
Yredelemnul
Zin

Annotations:
D:4 2 runed doors, tmwh's ghost, amateur GrEE
D:7 2 transporters
D:10 Snorg


Innate Abilities, Weirdness & Mutations

Shadows flee at your approach. (+LOS)
You can swim through water.
You cover ground slowly.
You can hop short distances.


Message History

* * * LOW HITPOINT WARNING * * *
Snorg barely misses you. x2
You are too injured to fight recklessly!
You fail to use your ability.
Snorg bites you.
* * * LOW HITPOINT WARNING * * *
Snorg barely misses you. x2
Unknown command.
Okay, then.
Hop to where?
Press: ? - help, Dir - move target cursor, p - Snorg Boing!
Snorg misses you. Snorg barely misses you. Snorg closely misses you.
Found 8 gold pieces.
You puncture Snorg!
Snorg is almost dead.
Snorg barely misses you. Snorg claws you!
* * * LOW HITPOINT WARNING * * *
Snorg misses you. Snorg bites you!
* * * LOW HITPOINT WARNING * * *
Snorg claws you!
You die...

## #. ##### # ###.
##.(.## ....#.
#...%.##.# #...
#....<..$# ###.
##...(.### #.
#.@.(....#########.
#.#T.##..#.......#.
#.#..##..#.......#.
#.#.ยง.#..#.........
#.#.#.#..#.........
#.#.#.#..#........[
#....(...#..<....#.
#####.####.......#.
#..###.########.


You could see Snorg (berserk).

Vanquished Creatures
  A two-headed ogre (D:9)
  Nergalle (D:10)
  A manticore (D:10)
  A hippogriff (D:9)
  Eustachio (D:4)
  4 yaks (D:9)
  A human (D:9)
  Grum (D:9)
  2 porcupines (D:8)
  2 water moccasins
  5 ice beasts
  A hornet zombie (D:9)
  2 orc warriors
  A necrophage (D:10)
  5 phantoms
  2 sky beasts (D:10)
  7 ogres
  5 centaurs
  4 wolves (D:9)
  Blork the orc (D:4)
  3 big kobolds
  5 bullfrogs
  4 scorpions
  8 wights
  4 howler monkeys
  A crimson imp (D:8)
  2 bullfrog zombies
  A quasit (D:9)
  3 hounds
  Crazy Yiuf (D:6)
  A centaur skeleton (D:4)
  An orc priest (D:4)
  2 jellies
  An iguana (D:8)
  2 bullfrog skeletons
  6 orc wizards
  10 worker ants
  A killer bee zombie (D:8)
  A hound zombie (D:9)
  A hound skeleton (D:4)
  Robin (D:4)
  A howler monkey skeleton (D:6)
  16 adders
  7 gnolls
  9 river rats (D:6)
  2 shadow imps
  2 oozes
  4 adder skeletons
  3 worms
  2 dart slugs
  4 leopard geckos
  17 orcs
  7 giant cockroaches
  12 goblins
  8 hobgoblins
  6 jackals
  9 quokkas
  5 bats
  2 frilled lizards
  A giant cockroach zombie (D:5)
  A jackal skeleton (D:9)
  10 kobolds
  A leopard gecko skeleton (D:4)
  3 leopard gecko zombies
  A quokka skeleton (D:5)
  23 rats
  2 fungi (D:6)
265 creatures vanquished.

Notes
Turn   | Place    | Note
-------+----------+-------------------------------------------
     0 | D:1      | LostNumber the Barachi Hunter began the quest for the Orb.
     0 | D:1      | Reached XP level 1. HP: 17/17 MP: 1/1
   124 | D:1      | Reached skill level 1 in Stealth
   126 | D:1      | Reached XP level 2. HP: 19/23 MP: 2/2
  1003 | D:2      | Found a faded altar of an unknown god.
  1118 | D:2      | Reached XP level 3. HP: 26/28 MP: 3/3
  2012 | D:3      | Reached XP level 4. HP: 35/35 MP: 4/4
  2091 | D:3      | Found a burning altar of Makhleb.
  2130 | D:3      | Reached skill level 5 in Bows
  2372 | D:4      | Noticed a phantom
  2389 | D:4      | Killed a phantom
  2389 | D:4      | Reached XP level 5. HP: 42/42 MP: 5/5
  2510 | D:4      | Reached XP level 6. HP: 44/48 MP: 6/6
  2547 | D:4      | Noticed Robin
  2564 | D:4      | Killed Robin
  2672 | D:4      | Reached skill level 6 in Bows
  2744 | D:4      | Reached XP level 7. HP: 21/55 MP: 7/7
  2747 | D:4      | Reached skill level 5 in Fighting
  3132 | D:4      | Noticed Blork the orc
  3141 | D:4      | Killed Blork the orc
  3141 | D:4      | Reached skill level 7 in Bows
  3175 | D:4      | Noticed Eustachio
  3345 | D:4      | Killed Eustachio
  3562 | D:4      | Found a large runed door.
  3562 | D:4      | Found a large runed door.
  3581 | D:4      | Noticed tmwh's ghost (amateur GrEE)
  3606 | D:5      | Entered Level 5 of the Dungeon
  3610 | D:5      | Reached XP level 8. HP: 50/64 MP: 8/8
  3636 | D:5      | Found a staircase to the Ecumenical Temple.
  3644 | Temple   | Entered the Ecumenical Temple
  3779 | Temple   | Became a worshipper of Warmaster Okawaru
  3865 | D:5      | Found a stormy altar of Qazlal.
  4151 | D:5      | Got a smoking trident
  4152 | D:5      | Identified the +8 trident of the Silent Majority {pierce,
                  | rElec rN+ Str-5 Int+5} (You found it on level 5 of the
                  | Dungeon)
  4295 | D:5      | Reached skill level 1 in Invocations
  4546 | D:6      | Reached skill level 8 in Bows
  4559 | D:6      | Found a snail-covered altar of Cheibriados.
  4720 | D:6      | Reached * piety under Okawaru
  5264 | D:6      | Reached skill level 9 in Bows
  5264 | D:6      | Reached XP level 9. HP: 54/72 MP: 9/11
  5323 | D:6      | Found a white marble altar of Elyvilon.
  5324 | D:6      | Found a glowing silver altar of Zin.
  5739 | D:6      | Found a runed door.
  5743 | D:6      | Noticed Crazy Yiuf
  5747 | D:6      | Killed Crazy Yiuf
  5856 | D:7      | Reached ** piety under Okawaru
  6038 | D:7      | Found a transporter.
  6046 | D:7      | Reached skill level 10 in Bows
  6082 | D:7      | Found a hide-covered altar of Uskayaw.
  6148 | D:7      | Noticed a troll
  6184 | D:7      | Found a transporter.
  6613 | D:8      | Reached XP level 10. HP: 82/82 MP: 13/13
  6936 | D:8      | Found an ornate altar of the Wu Jian Council.
  7013 | D:8      | Found a staircase to the Lair.
  7310 | D:9      | Found a staircase to the Orcish Mines.
  7326 | D:9      | Reached *** piety under Okawaru
  7326 | D:9      | Reached skill level 5 in Invocations
  7370 | D:9      | Reached skill level 11 in Bows
  7554 | D:9      | Received a gift from Okawaru
  7588 | D:9      | Noticed Grum
  7618 | D:9      | Killed Grum
  7665 | D:9      | Received a gift from Okawaru
  7718 | D:9      | Noticed a two-headed ogre
  7737 | D:9      | Killed a two-headed ogre
  7737 | D:9      | Reached **** piety under Okawaru
  7737 | D:9      | Reached skill level 10 in Fighting
  7737 | D:9      | Reached skill level 12 in Bows
  7737 | D:9      | Reached XP level 11. HP: 90/90 MP: 13/15
  8096 | D:10     | Entered Level 10 of the Dungeon
  8125 | D:10     | Noticed a manticore
  8137 | D:10     | Killed a manticore
  8290 | D:10     | Noticed Nergalle
  8317 | D:10     | Killed Nergalle
  8317 | D:10     | Received a gift from Okawaru
  8571 | D:10     | Noticed Snorg
  8588 | D:10     | Mangled by Snorg

Vault maps used:
D:1:      kennysheep_arrival_seaside
D:2:      first_ration, chequers_ecumenical_altar_island, lemuel_flame_loot_1
D:3:      old_standard_altar
D:4:      ebering_ghost_disaster_area, uniq_robin, uniq_blork_the_orc,
          uniq_eustachio
D:5:      grunt_qazlal_clouds, minmay_temple_entry_overgrown
D:6:      lemuel_ratsnest, cheibriados_altar_1, gammafunk_temple_overflow_pools,
          roderic_roman_lattice, uniq_crazy_yiuf_cottage
D:7:      gammafunk_the_bubble, eat_drink_and_be_merry_uskayaw
D:8:      lemuel_doored_altar, grunt_lair_entry_orc_guard_hut,
          corexii_checkpoint_a
D:9:      david_orc_2, minmay_misc_feat_pillars, grunt_pizzeria, uniq_grum
D:10:     minmay_the_grid_plus_closed, uniq_snorg, uniq_nergalle
Temple:   regret_index_temple_generic_petals

Skill      XL: |  1  2  3  4  5  6  7  8  9 10 |
---------------+-------------------------------+-----
Stealth        | 1 2 3 4 |  4.2
Fighting       | 3 4 5 7 8 10 | 10.5
Bows           | 5 6 7 9 10 12 | 12.6
Invocations    | 2 4 6 |  6.7
Dodging        | |  2.1

Action                   |  1- 3 |  4- 6 |  7- 9 | 10-12 || total
-------------------------+-------+-------+-------+-------++-------
Melee: Short sword       |    76 |    62 |    61 |       ||   199
       Trident           |       |       |   146 |    84 ||   230
       Punch             |       |       |     1 |       ||     1
 Fire: Shortbow          |    21 |    53 |   171 |   241 ||   486
Invok: Heroism           |       |       |     6 |    13 ||    19
 Abil: Hop               |       |     2 |     1 |     2 ||     5
  Use: Scroll            |       |     5 |     5 |     1 ||    11
       Potion            |       |     1 |     1 |       ||     2
 Stab: Sleeping          |     1 |       |     4 |     4 ||     9
       Distracted        |       |       |     3 |       ||     3
  Eat: Chunk             |     4 |     3 |    13 |     7 ||    27
Armor: Leather armour    |    14 |       |    28 |    45 ||    87
       Ring mail         |    17 |    22 |    13 |       ||    52
       Skin              |       |     1 |     1 |       ||     2
Dodge: Dodged            |    63 |    42 |   130 |    80 ||   315
       Deflected         |       |       |     1 |       ||     1

Table legend:
 A = Non-vault XP
 B = Vault XP
 C = Vault XP percentage of total XP
 D = Non-vault monster count
 E = Vault monster count
 F = Vault count percentage of total count
                 A         B        C        D         E       F
            +---------+---------+-------+---------+---------+-------
      Total |    8053 |    4066 |  33.6 |     184 |      79 |  30.0
            +---------+---------+-------+---------+---------+-------
        D:1 |      25 |       0 |   0.0 |      12 |       0 |   0.0
        D:2 |      48 |       0 |   0.0 |      16 |       0 |   0.0
        D:3 |      81 |       0 |   0.0 |      21 |       0 |   0.0
        D:4 |     698 |     333 |  32.3 |      17 |      14 |  45.2
        D:5 |     280 |       0 |   0.0 |      11 |       0 |   0.0
        D:6 |    1035 |     390 |  27.4 |      23 |      33 |  58.9
        D:7 |    1066 |       0 |   0.0 |      20 |       0 |   0.0
        D:8 |     553 |     621 |  52.9 |      17 |       8 |  32.0
        D:9 |    3409 |     981 |  22.3 |      32 |      14 |  30.4
       D:10 |     858 |    1741 |  67.0 |      15 |      10 |  40.0
            +---------+---------+-------+---------+---------+-------
